 Seeded DCSS version 0.30-a0-1114-gd936c97349 (webtiles) character file.

Game seed: 10500318188560928690 (custom seed)

849 Pimp the Firebug (level 8, -3/44 HPs)
             Began as a Gargoyle Fire Elementalist on Apr 20, 2023.
             Killed from afar by omnomnOMINOUS's ghost (21 damage)
             ... with a stone arrow
             ... on level 5 of the Dungeon.
             The game lasted 00:10:46 (4514 turns).

Pimp the Firebug (Gargoyle Fire Elementalist)       Turns: 4514, Time: 00:10:47

Health: -3/44      AC:  9    Str: 12    XL:     8   Next: 1%
Magic:  13/13      EV: 12    Int: 18    God:
Gold:   349        SH:  0    Dex: 10    Spells: 8/14 levels left

rFire   + + .      SeeInvis .    c - staff of fire
rCold   + . .      Faith    .    (no shield)
rNeg    + . .      Spirit   .    a - +0 robe
rPois   ∞          Reflect  .    (no helmet)
rElec   +          Rampage  .    (no cloak)
rCorr   +                        (no gloves)
Will    .....                    d - +1 pair of boots
Stlth   ++                       (no amulet)
HPRegen 0.27/turn                (no ring)
MPRegen 0.13/turn                (no ring)

@: resistant
A: sickness immunity, AC +5, negative energy resistance 1, electricity
resistance, torment resistance 1, petrification resistance
a: no special abilities


You were on level 5 of the Dungeon.
You visited 2 branches of the dungeon, and saw 6 of its levels.

You collected 349 gold pieces.

Inventory:

Hand Weapons
 j - a +0 spear of freezing
 k - a +3 short sword of venom
Missiles
 f - 12 poisoned darts
Armour
 a - a +0 robe (worn)
 d - a +1 pair of boots (worn)
Magical Staves
 c - a staff of fire (weapon)
Jewellery
 t - a +6 ring of strength
Wands
 o - a wand of mindburst (5)
 r - a wand of roots (11)
Scrolls
 e - a scroll of teleportation
Potions
 b - 2 potions of magic
 g - 3 potions of curing
 h - a potion of lignification
 i - 2 potions of heal wounds
 l - 2 potions of degeneration
 m - 2 potions of haste
 q - 2 potions of brilliance


   Skills:
 + Level 1.8 Fighting
 + Level 1.8 Armour
 + Level 3.3 Dodging
 - Level 4.1 Stealth
 + Level 3.7 Spellcasting
 + Level 4.0 Conjurations
 * Level 5.2 Fire Magic


You had 8 spell levels left.
You knew the following spells:

 Your Spells              Type           Power      Damage    Failure   Level
a - Foxfire               Conj/Fire      100%       2x1d9     2%          1
b - Scorch                Fire           66%        2d7       2%          2
c - Volatile Blastmotes   Fire/Tloc      38%        2d13      16%         3

Your spell library contained the following spells:

 Spells                   Type           Power      Damage    Failure   Level
 Inner Flame              Hex/Fire       19%        N/A       16%         3
 Flame Wave               Conj/Fire      30%        2d9       22%         4
 Gell's Gravitas          Tloc           3%         N/A       41%         3
 Teleport Other           Tloc           3%         N/A       41%         3
 Dispersal                Tloc           1%         N/A       100%        6


Dungeon Overview and Level Annotations

Branches:
Dungeon (5/15)             Temple (1/1) D:5

Altars:
Cheibriados
Fedhas
Hepliaklqana
Kikubaaqudgha
Nemelex Xobeh
Okawaru
Qazlal
Ru
Trog
Uskayaw
Vehumet
Wu Jian
Yredelemnul
Zin

Shops:
D:1 [

Annotations:
D:5 omnomnOMINOUS's ghost, amateur OpWn


Innate Abilities, Weirdness & Mutations

You are immune to sickness and miasma.
Your stone body is resilient. (AC +5)
You are immune to poison.
You resist negative energy. (rN+)
You are resistant to electric shocks. (rElec)
You are resistant to unholy torment.
You are immune to petrification.


Message History

You feel a surge of power!
Flames lash the orc.
You kill the orc!
Unknown command.
You start resting.
HP restored.
Magic restored.
Things that are here:
a +0 dagger; a +0 leather armour; an orc corpse
There is a stone staircase leading up here.
s - a scroll labelled ECAHIU BELAT
t - a +6 ring of strength
Found a runed translucent gate.
As you read the scroll labelled ECAHIU BELAT, it crumbles to dust.
It is a scroll of enchant armour.
Your +0 pair of boots glows green for a moment.
As you read the scroll of identify, it crumbles to dust.
g - 3 potions of curing
As you read the scroll of identify, it crumbles to dust.
q - 2 potions of brilliance
Okay, then.
It was a potion of resistance.
You feel protected.
Found a plate armour.
Found a roughly hewn altar of Beogh.
Found a trident and a cloak.
The orc shouts! x2
OmnomnOMINOUS's ghost turns its malevolent gaze towards you.
Found 9 gold pieces.
The orc shouts! x2
The orc shouts!
You open the gate.
OmnomnOMINOUS's ghost attacks as you move away!
OmnomnOMINOUS's ghost hits you but does no damage.
The orc priest shouts!
OmnomnOMINOUS's ghost stares at you and mumbles some strange words.
The stone arrow hits you!!
Ouch! That really hurt!
Unknown command.
OmnomnOMINOUS's ghost casts a spell at you.
The stone arrow hits you!!
You die...

########### #####.........##
........o..W...#
..$)........8#@#
####''o#######.#
......oo..oo##.#
...#####....##.###############
## ...o.###.#.......#........#
# #..8..#8#.#.#####.#.######.##
...........#>..# #........#...
...[_[....8#.#.# #...#......##
#############.#.###...#..#.#.#.


You could see omnomnOMINOUS's ghost and an orc.

Vanquished Creatures
  Sigmund (D:3)
  An ice beast (D:5)
  A black bear (D:5)
  A bullfrog (D:4)
  3 scorpions
  A jelly (D:5)
  An orc priest (D:3)
  An orc wizard (D:3)
  2 iguanas
  4 adders
  An ufetubus (D:5)
  A worm (D:4)
  2 dart slugs
  11 orcs
  2 ball pythons
  3 endoplasms
  5 giant cockroaches
  2 goblins (D:2)
  7 hobgoblins
  4 jackals (D:3)
  5 quokkas
  3 bats
  4 frilled lizards
  10 kobolds
  2 rats
  2 rat zombies (D:3)
80 creatures vanquished.

Vanquished Creatures (others)
  120 foxfires
120 creatures vanquished.

Grand Total: 200 creatures vanquished

Notes
Turn   | Place    | Note
-------+----------+-------------------------------------------
     0 | D:1      | Pimp the Gargoyle Fire Elementalist began the quest for the
                  | Orb.
     0 | D:1      | Reached XP level 1. HP: 10/10 MP: 3/3
   191 | D:1      | Reached XP level 2. HP: 15/15 MP: 1/5
   320 | D:1      | Found a faded altar of an unknown god.
   433 | D:1      | Found Deass's Antique Armour Boutique.
   809 | D:2      | Reached XP level 3. HP: 19/19 MP: 3/6
  1556 | D:3      | Reached XP level 4. HP: 24/24 MP: 5/7
  2115 | D:3      | Noticed Sigmund
  2120 | D:3      | Learned a level 2 spell: Scorch
  2124 | D:3      | Learned a level 3 spell: Volatile Blastmotes
  2134 | D:3      | Killed Sigmund
  2135 | D:3      | Reached skill level 4 in Fire Magic
  2135 | D:3      | Reached XP level 5. HP: 28/28 MP: 1/9
  2135 | D:3      | Reached XP level 6. HP: 32/32 MP: 1/10
  2338 | D:3      | Found a glowing silver altar of Zin.
  2770 | D:3      | Found an ancient bone altar of Kikubaaqudgha.
  3257 | D:4      | Reached XP level 7. HP: 37/37 MP: 3/12
  3545 | D:4      | Reached skill level 1 in Fighting
  3545 | D:4      | Reached skill level 1 in Armour
  3884 | D:5      | Entered Level 5 of the Dungeon
  3884 | D:5      | Found a hazy altar of Hepliaklqana.
  4010 | D:5      | Found an iron altar of Okawaru.
  4028 | D:5      | Found a staircase to the Ecumenical Temple.
  4090 | Temple   | Entered the Ecumenical Temple
  4210 | D:5      | Reached skill level 5 in Fire Magic
  4354 | D:5      | Reached XP level 8. HP: 44/44 MP: 4/13
  4494 | D:5      | Found a runed translucent gate.
  4501 | D:5      | Found a runed translucent gate.
  4501 | D:5      | Identified the +7 dagger "Moca Sug" {flame, rN+ Int+3}
  4501 | D:5      | Identified the +3 leather armour of Hubris {Harm MP-9
                  | Str+4}
  4502 | D:5      | Found a runed translucent gate.
  4503 | D:5      | Noticed omnomnOMINOUS's ghost (amateur OpWn)
  4514 | D:5      | Killed from afar by omnomnOMINOUS's ghost

Illustrated notes

Levels and vault maps discovered:
D:1:      dpeg_arrival_castle, layout_rooms, serial_shops, nicolae_square_shop,
          hellmonk_ecumenical_altar_zigzags
D:2:      layout_basic
D:3:      layout_loops_ring, lemuel_zombie_altar_kikubaaqudgha, zin_statuary,
          kennysheep_orc_chapel, uniq_sigmund
D:4:      layout_basic
D:5:      layout_basic, makhleb_altar_promises_db, amcnicky_altar_gilded,
          nicolae_tso_carved_into_rock, marbit_many_paths, temple_pool_b,
          biasface_ghost_orc_armoury
Temple:   cyrus_temple_forest

Skill      XL: |  1  2  3  4  5  6  7 |
---------------+----------------------+-----
Dodging        | 2 3 |  3.3
Conjurations   | 2 3 4 |  4.0
Stealth        | 3 4 |  4.1
Spellcasting   | 3 |  3.7
Fire Magic     | 4 5 |  5.2
Fighting       | 1 |  1.8
Armour         | 1 |  1.8

Action                     |  1- 3 |  4- 6 |  7- 9 || total
---------------------------+-------+-------+-------++-------
  Melee: Staff             |    23 |    26 |     5 ||    54
         Punch             |       |     1 |       ||     1
   Cast: Foxfire           |    51 |    30 |     5 ||    86
         Scorch            |       |    31 |    25 ||    56
    Use: Scroll            |     5 |     1 |     8 ||    14
         Potion            |       |     2 |     1 ||     3
   Stab: Sleeping          |     1 |       |       ||     1
 Armour: Robe              |    18 |    15 |     4 ||    37
  Dodge: Dodged            |    33 |    25 |     8 ||    66

Table legend: (Time is in decaauts)
 A = Elapsed time spent in this place.
 B = Non-inter-level travel time spent in this place.
 C = Inter-level travel time spent in this place.
 D = Time resting spent in this place.
 E = Time spent auto-exploring this place.
 F = Levels seen in this place.
 G = Mean time per level.
                   A        B        C        D        E       F      G
               +--------+--------+--------+--------+--------+-----+--------+
         Total |   4530 |   4330 |    200 |   1147 |   2356 |   6 |  755.0 |
       Dungeon |   4447 |   4274 |    173 |   1147 |   2339 |   5 |  889.4 |
        Temple |     82 |     55 |     27 |      0 |     17 |   1 |   82.0 |
               +--------+--------+--------+--------+--------+-----+--------+

Top non-repeatable levels by time:
     D:3: 1507 daAuts
     D:4: 965 daAuts
     D:1: 761 daAuts
     D:2: 661 daAuts
     D:5: 551 daAuts
  Temple: 82 daAuts
